 Dungeon Crawl Stone Soup version 0.22-a0-799-g88f5e907b7 (webtiles) character file.

249 Bapho the Magician (level 5, -1/28 HPs)
             Began as a Deep Elf Wizard on July 21, 2018.
             Slain by a gnoll
             ... wielding a +0 spear
              (11 damage)
             ... on level 3 of the Dungeon.
             The game lasted 00:08:23 (3753 turns).

Bapho the Magician (Deep Elf Wizard)                Turns: 3753, Time: 00:08:23

Health: -1/28      AC:  3    Str:  4    XL:     5   Next: 86%
Magic:  11/15      EV: 13    Int: 24    God:
Gold:   214        SH:  0    Dex: 13    Spells: 3/16 levels left

rFire    . . .     SeeInvis .   q - +4 dagger (venom)
rCold    . . .     Gourm    .   (no shield)
rNeg     . . .     Faith    .   f - +0 robe (curse)
rPois    .         Spirit   .   b - +0 hat
rElec    .         Reflect  .   (no cloak)
rCorr    .         Harm     .   (no gloves)
MR       .....                  v - +0 pair of boots
Stlth    ++........             (no amulet)
HPRegen  0.09/turn              (no ring)
MPRegen  0.14/turn              (no ring)

@: no status effects
A: no striking features
a: no special abilities


You were on level 3 of the Dungeon.
You were hungry.

You visited 1 branch of the dungeon, and saw 4 of its levels.

You collected 214 gold pieces.

Inventory:

Hand Weapons
 c - a +0 spear
 q - a +4 dagger of venom (weapon)
Armour
 a - a +0 robe
 b - a +0 hat (worn)
 f - a cursed +0 robe (worn)
 v - a +0 pair of boots (worn)
Jewellery
 k - an uncursed ring of protection from magic {unknown}
Scrolls
 e - a scroll of remove curse {unknown}
 h - a scroll of teleportation {unknown}
 i - 4 scrolls of identify {unknown}
 t - a scroll of fear {unknown}
 u - a scroll of noise {unknown}
Potions
 j - 2 potions of resistance
 m - a potion of ambrosia {unknown}
 n - a potion of might {unknown}
 o - a potion of brilliance {unknown}
 p - a potion of cancellation
 s - a potion of mutation {unknown}
Comestibles
 d - 4 rations


   Skills:
 - Level 2.4 Dodging
 - Level 2.4 Stealth
 + Level 6.2 Spellcasting
 * Level 5.3 Conjurations
 - Level 1.1 Summonings
 - Level 1.1 Translocations


You had 3 spell levels left.
You knew the following spells:

 Your Spells              Type           Power        Failure   Level  Hunger
a - Magic Dart            Conj           ####         1%          1    None
b - Blink                 Tloc           N/A          8%          2    None
c - Call Imp              Summ           ##......     8%          2    None
d - Slow                  Hex            #.......     12%         2    None
e - Conjure Flame         Conj/Fire      ###.....     8%          3    None
f - Mephitic Cloud        Conj/Pois/Air  ###.....     11%         3    None

Your spell library contained the following spells:

 Spells                   Type           Power        Failure   Level  Hunger


Dungeon Overview and Level Annotations

Branches:
Dungeon (4/15)
 Temple: D:4-7

Altars:
Gozag


Message History

You start waiting.
You are feeling hungry.
You climb downwards.
The gnoll hits you with a spear. x2
The gnoll barely misses you.
There is a stone staircase leading up, spattered with blood here.
The gnoll barely misses you.
The gnoll drinks a potion.
The gnoll suddenly seems more agile.
You climb upwards.
There is a stone staircase leading down, spattered with blood here.
The gnoll hits you from afar with a spear.
The gnoll hits you but does no damage.
Casting: Call Imp (safe; 8% risk of failure)
Confirm with . or Enter, or press ? or * to list all spells.
A metallic apparition takes form in the air.
The gnoll hits you from afar with a spear!
Casting: Call Imp (safe; 8% risk of failure)
Confirm with . or Enter, or press ? or * to list all spells.
A shadowy apparition takes form in the air.
The gnoll hits you from afar with a spear!
You die...

#.#.#.#.#.#.#.#.#.#.#.#.######
##.#.#.#.#.#.#.#.#.#.#.#......
#.#.#.#.#.#.#.#.#.#.#.#....###
##.#.#.#.#.#.#.#.#.#.#'.....#
#.#.#.#.#.#.#.#.#.#.#.#.....#
##.#.#.#.#.#.#.#.#.#.#.#....#
#.#.#.#.#[#.#.#5#.#.#.#.###.#
##.#.#)#.#.#.#.#.#.#.#.####.#
#.#.#.#.#)#.#@#.#.#.#.<.....#
##.#.#.#.#.#.#.#.#.#.#.######
#.#.#.#.#.#g#.#5#.#.#.#.#
##.#.#.#.#g#.#.#.#.#.#.##
####.#+#.#.#.#.#.#.#.#.#.#'##
........#.#.#.#.#.#.#.#.#...#
.........#.#.#.#.....#.#....#
........#########....####...#
........# #....# #...#


You could see 2 gnolls, a friendly iron imp and a friendly shadow imp.

Vanquished Creatures
  A hound (D:3)
  A centaur skeleton (D:3)
  A worker ant (D:3)
  2 gnolls (D:4)
  2 adders (D:3)
  A worm (D:3)
  3 leopard geckos
  9 orcs
  3 giant cockroaches (D:3)
  3 hobgoblins
  A quokka (D:2)
  A ball python (D:3)
  8 bats
  4 frilled lizards
  5 goblins
  4 kobolds
  4 rats
53 creatures vanquished.

Vanquished Creatures (collateral kills)
  An orc priest (D:3)
  2 worker ants (D:3)
  3 adders
  A worm (D:2)
  3 hobgoblins (D:2)
  A jackal (D:2)
  A kobold (D:2)
  A quokka (D:2)
  2 rats (D:2)
15 creatures vanquished.

Grand Total: 68 creatures vanquished

Notes
Turn   | Place    | Note
-------+----------+-------------------------------------------
     0 | D:1      | Bapho the Deep Elf Wizard began the quest for the Orb.
     0 | D:1      | Reached XP level 1. HP: 10/10 MP: 7/7
   592 | D:1      | Reached XP level 2. HP: 15/15 MP: 7/9
   596 | D:1      | Learned a level 2 spell: Blink
   599 | D:1      | Learned a level 2 spell: Call Imp
   602 | D:1      | Learned a level 2 spell: Slow
  1266 | D:2      | Found an opulent altar of Gozag.
  1398 | D:2      | Reached XP level 3. HP: 19/19 MP: 4/11
  1480 | D:2      | Learned a level 3 spell: Conjure Flame
  1500 | D:2      | Reached skill level 5 in Spellcasting
  1853 | D:3      | Reached XP level 4. HP: 17/24 MP: 4/13
  1872 | D:3      | Learned a level 3 spell: Mephitic Cloud
  2659 | D:3      | Reached XP level 5. HP: 26/28 MP: 6/15
  3260 | D:4      | Reached skill level 6 in Spellcasting
  3474 | D:3      | Reached skill level 5 in Conjurations
  3753 | D:3      | Slain by a gnoll

Vault maps used:
D:1:      matt_arrival_los_fun
D:2:      minmay_hexomino_r4
D:3:      first_ration, minmay_checkerbox
D:4:      minmay_temple_entry_purple_smoke, grunt_ministairs_2

Skill      XL: |  1  2  3  4  5 |
---------------+----------------+-----
Conjurations   | 2 3 4 5 |  5.3
Spellcasting   | 5 6 |  6.2
Dodging        | |  2.4
Stealth        | |  2.4
Summonings     | |  1.1
Translocations | |  1.1

Action                   |  1- 3 |  4- 6 || total
-------------------------+-------+-------++-------
Melee: Spear             |     9 |     6 ||    15
       Dagger            |       |    19 ||    19
 Cast: Magic Dart        |    57 |    71 ||   128
       Call Imp          |     8 |     9 ||    17
       Blink             |       |     4 ||     4
       Mephitic Cloud    |       |     3 ||     3
       Slow              |       |     1 ||     1
  Use: Potion            |     3 |     2 ||     5
 Stab: Sleeping          |       |     2 ||     2
  Eat: Chunk             |     3 |     5 ||     8
Armor: Robe              |     1 |     7 ||     8
Dodge: Dodged            |    22 |    53 ||    75

Table legend:
 A = Spawn XP
 B = Non-spawn XP
 C = Spawn XP percentage of total XP
 D = Spawn monster count
 E = Non-spawn monster count
 F = Spawn count percentage of total count
 G = Total turns spent on level
                    A         B        C        D         E        F      G
               +---------+---------+-------+---------+---------+-------+---------
         Total |       0 |     356 |   0.0 |       0 |      68 |   0.0 |  3753
               +---------+---------+-------+---------+---------+-------+---------
           D:1 |       0 |      13 |   0.0 |       0 |       9 |   0.0 |   851
           D:2 |       0 |      50 |   0.0 |       0 |      21 |   0.0 |  1541
           D:3 |       0 |     259 |   0.0 |       0 |      31 |   0.0 |  1328
           D:4 |       0 |      34 |   0.0 |       0 |       7 |   0.0 |    33
               +---------+---------+-------+---------+---------+-------+---------
